 Dungeon Crawl Stone Soup version 0.19.4-9-g45fd643 (webtiles) character file.

165 vatarom the Firebug (level 5, -2/32 HPs)
             Began as a Deep Elf Fire Elementalist on Feb 18, 2017.
             Slain by a gnoll
             ... wielding a +0 flail
              (11 damage)
             ... on level 3 of the Dungeon.
             The game lasted 00:08:26 (3042 turns).

vatarom the Firebug (Deep Elf Fire Elementalist)    Turns: 3042, Time: 00:08:27

Health: -2/32      AC:  3    Str:  6    XL:     5   Next: 21%
Magic:  2/11       EV: 13    Int: 20    God:
Gold:   225        SH:  0    Dex: 15    Spells: 4 memorised, 1 level left

rFire  . . .     SeeInvis .     j - +4 quarterstaff (chaos)
rCold  + . .     Gourm    .     a - +0 robe
rNeg   . . .     Faith    +     (shield currently unavailable)
rPois  .         Spirit   .     (no helmet)
rElec  .         Reflect  .     m - +0 cloak
rCorr  .         Harm     .     (no gloves)
MR     .....                    (no boots)
Stlth  ++........               h - amulet of faith
                                o - ring of flight
                                i - ring of protection from cold

@: very slightly contaminated
A: no striking features
a: Evoke Flight


You were on level 3 of the Dungeon.
You were not hungry.

You visited 1 branch of the dungeon, and saw 4 of its levels.

You collected 225 gold pieces.

Inventory:

Hand Weapons
 e - a +0 mace
 j - a +4 quarterstaff of chaos (weapon)
Armour
 a - a +0 robe (worn)
 m - a +0 cloak (worn)
Jewellery
 h - an amulet of faith (around neck)
 i - a ring of protection from cold (left hand)
 o - a ring of flight (right hand)
Scrolls
 d - 2 scrolls of remove curse
 f - a scroll of identify
 g - a scroll of blinking
 l - a scroll of magic mapping
Books
 b - a book of Flames

   Spells                             Type                      Level
   a - Flame Tongue                   Conjuration/Fire             1
   b - Throw Flame                    Conjuration/Fire             2
   c - Conjure Flame                  Conjuration/Fire             3
   d - Inner Flame                    Hexes/Fire                   3
   e - Sticky Flame                   Conjuration/Fire             4
   f - Fireball                       Conjuration/Fire             5
Comestibles
 c - 2 bread rations
 p - a meat ration


   Skills:
 - Level 3.2 Fighting
 - Level 2.4 Dodging
 - Level 2.4 Stealth
 - Level 3.0 Spellcasting
 * Level 2.3 Conjurations
 - Level 1.5 Hexes
 + Level 3.7 Fire Magic


You had one spell level left.
You knew the following spells:

 Your Spells              Type           Power        Failure   Level  Hunger
a - Flame Tongue          Conj/Fire      ###..        4%          1    None
b - Throw Flame           Conj/Fire      ###...       10%         2    ##.....
c - Conjure Flame         Conj/Fire      ###.....     14%         3    ###....
d - Inner Flame           Hex/Fire       ##......     17%         3    ###....


Dungeon Overview and Level Annotations

Branches:
Dungeon (4/15)
 Temple: D:4-7

Altars:


Message History

Blink to where?
Press: ? - help, Dir - move target cursor, p - gnoll
Okay, then.
Blink to where?
Press: ? - help, Dir - move target cursor, p - gnoll
As you read the scroll of blinking, it crumbles to dust.
The gnoll closely misses you.
You climb upwards.
There is a stone staircase leading down here.
Unknown command.
Unknown command.
Casting: Flame Tongue
Confirm with . or Enter, or press ? or * to list all spells.
Aiming: Flame Tongue
Press: ? - help, Shift-Dir - straight line, f - gnoll
Aim: a gnoll, wielding a flail The flame tongue hits the gnoll.
The gnoll is lightly wounded.
The gnoll hits you with a flail!
You die...

.........######....#
.......### #....#
.......# #....#
.......# ###.##
.......# ###.#
.......########...#
.##.####..........##
..#.###............##
..#.##..........@..>#
#...##.........?.g..#
.)..##........[.....#
.....#..............#
.....#......?.......#
###..##............##
# #...............##
####.......####.###
(...............#


You could see a gnoll.

Vanquished Creatures
  Crazy Yiuf (D:3)
  A gnoll (D:4)
  6 adders
  2 worms (D:3)
  A dart slug (D:2)
  4 leopard geckos
  2 ball pythons
  4 giant cockroaches
  4 goblins
  10 hobgoblins
  4 jackals (D:3)
  4 kobolds
  A quokka (D:3)
  3 bats
  6 frilled lizards
  11 rats
64 creatures vanquished.

Notes
Turn   | Place    | Note
-------+----------+-------------------------------------------
     0 | D:1      | vatarom the Deep Elf Fire Elementalist began the quest for the Orb.
     0 | D:1      | Reached XP level 1. HP: 10/10 MP: 6/6
   180 | D:1      | Reached skill level 1 in Fighting
   194 | D:1      | Reached XP level 2. HP: 16/16 MP: 5/8
   354 | D:1      | Learned a level 2 spell: Throw Flame
   943 | D:2      | Reached XP level 3. HP: 16/21 MP: 2/9
  1014 | D:2      | Learned a level 3 spell: Conjure Flame
  1568 | D:2      | Reached XP level 4. HP: 24/27 MP: 6/10
  1603 | D:2      | Learned a level 3 spell: Inner Flame
  2096 | D:3      | Reached skill level 1 in Hexes
  2499 | D:3      | Found a runed door.
  2543 | D:3      | Noticed Crazy Yiuf
  2578 | D:3      | Killed Crazy Yiuf
  2578 | D:3      | Reached XP level 5. HP: 27/32 MP: 0/11
  3042 | D:3      | Slain by a gnoll

Skill      XL: |  1  2  3  4 |
---------------+-------------+-----
Fighting       | 1 2 3 |  3.2
Hexes          | 1 |  1.5
Conjurations   | 2 |  2.3
Dodging        | |  2.4
Stealth        | |  2.4
Spellcasting   | |  3.0
Fire Magic     | |  3.7

Action                   |  1- 3 |  4- 6 || total
-------------------------+-------+-------++-------
Melee: Mace              |     4 |    16 ||    20
       Quarterstaff      |       |    10 ||    10
 Cast: Flame Tongue      |    49 |    57 ||   106
       Throw Flame       |     3 |     8 ||    11
       Conjure Flame     |       |     2 ||     2
       Inner Flame       |       |     1 ||     1
  Use: Scroll            |     6 |     4 ||    10
       Potion            |     4 |     2 ||     6
 Stab: Sleeping          |       |     2 ||     2
  Eat: Chunk             |     2 |     1 ||     3
       Bread ration      |       |     1 ||     1
Armor: Robe              |     2 |     6 ||     8
Dodge: Dodged            |    18 |    38 ||    56
